Map: Para Site LE

Players

Zest - Winner!

  • Race: Protoss Protoss
  • League: Master
  • Spawn Location: 11:00

KeeN

  • Race: Terran Terran
  • League: Grandmaster
  • Spawn Location: 5:00

VOD

Have the link to the VOD?

Description

Time

  • Played on: Nov. 8, 2018, 7:38 a.m.
  • Length: 5:40
Show
View Real Time Build Order
Export as new Build Order

Zest Protoss - Winner!

Build Orders: 1 Gate Expand, Dark Templar Rush 

Get SALT Encoding   

  12  0:00  Probe  
  13  0:12  Probe  
  14  0:17  Pylon  
  14  0:23  Probe  
  15  0:31  Probe  
  15  0:37  Gateway  
  15  0:40  Probe  
  16  0:46  Assimilator  
  17  0:51  Probe  
  18  1:03  Probe  
  19  1:15  Probe  
  20  1:23  Cybernetics Core  
  20  1:32  Nexus  
  20  1:35  Probe  
  21  1:42  Pylon  
  21  1:47  Probe  
  21  1:50  Assimilator  
  21  1:51  Adept  
  22  1:59  Probe  
  25  2:03  Warp Gate  
  25  2:08  Stalker  
  24  2:11  Probe  
  27  2:24  Probe  
  28  2:33  Stalker  
  28  2:36  Probe  
  29  2:38  Twilight Council  
  30  2:45  Probe  
  30  2:48  Probe  
  31  2:57  Probe  
  31  3:00  Probe  
  31  3:01  Stalker  
  33  3:09  Probe  
  33  3:12  Probe  
  35  3:21  Dark Shrine  
  35  3:22  Probe, Stalker  
  35  3:24  Probe  
  39  3:52  Probe  
  38  3:56  Probe  
  38  3:57  Gateway  
  38  3:59  Gateway  
  38  4:00  Pylon  
  39  4:04  Stalker, Probe  
  39  4:08  Probe  
  43  4:16  Probe  
  44  4:18  Pylon  
  44  4:20  Probe  
  45  4:27  Robotics Facility  
  43  4:46  Probe  
  43  4:47  Dark Templar  
  43  4:49  Probe  
  47  4:56  Dark Templar  
  47  4:58  Probe  
  50  5:01  Probe, Pylon  
  50  5:02  Assimilator  
  50  5:05  Dark Templar  
  50  5:06  Assimilator  
  53  5:10  Probe  
  53  5:13  Probe  
  51  5:23  Probe  
  51  5:24  Nexus  
  51  5:26  Pylon  
Show
View Real Time Build Order
Export as new Build Order

KeeN Terran 

Build Orders: Reaper Expand 

Get SALT Encoding   

  12  0:00  SCV  
  13  0:12  SCV  
  14  0:16  Supply Depot  
  14  0:25  SCV  
  15  0:38  SCV  
  15  0:40  Barracks  
  16  0:44  Refinery  
  16  0:50  SCV  
  17  1:02  SCV  
  18  1:14  SCV  
  19  1:28  Orbital Command, Reaper  
  20  1:42  Command Center  
  20  1:49  Supply Depot  
  20  1:54  SCV  
  20  2:00  Marine  
  22  2:05  Factory  
  22  2:08  SCV  
  23  2:11  Refinery  
  23  2:20  SCV  
  23  2:22  Barracks Reactor  
  24  2:32  SCV  
  24  2:36  Supply Depot, Barracks  
  26  2:44  SCV  
  26  2:49  Hellion  
  28  2:56  SCV  
  29  2:59  Marine x2  
  30  3:05  Starport  
  30  3:08  SCV  
  30  3:10  Widow Mine  
  33  3:16  Marine  
  33  3:17  Marine  
  35  3:21  SCV  
  35  3:25  Barracks Tech Lab  
  36  3:34  Marine  
  36  3:35  Widow Mine  
  36  3:36  Marine  
  37  3:41  Orbital Command  
  36  3:48  SCV  
  36  3:49  Marine  
  36  3:52  Marine  
  35  4:03  Widow Mine  
  35  4:04  SCV  
  35  4:07  SCV  
  35  4:08  Marine  
  40  4:10  Marine  
  40  4:13  Marauder  
  40  4:16  Medivac  
  45  4:17  SCV  
  45  4:19  SCV  
  47  4:25  Widow Mine  
  47  4:34  SCV x2  
  47  4:42  Marauder  
  46  4:47  Marine x2  
  46  4:51  SCV x2  
  45  5:00  Factory Reactor, Starport Reactor  
  45  5:02  Barracks  
  45  5:03  SCV x2, Marine, Engineering Bay  
  45  5:05  Marine x2  
  50  5:12  Engineering Bay  
  42  5:25  SCV  
Tags
 
Add a new tag
Caveats
  • Supply blocks, unpowered buildings, or Contaminate may cause inaccurate times.
  • Supply counts are checked every 10 seconds.